General information
- name: BNet
- type: Ladder team game (AT/RT)
- host: Battle.net
- saver: WINDOW-SHOPPER
map: Mur'gulOasis
- players: 8
- length: 41:30
- speed: Fast
- version: 1.26 W3XP
- replay type: Public
» download(229 KB)
Players
team 1 (loser)
pandaroar (
red | 46 APM | 1901 actions | 41:28)
4 Priestess of the Moon
2 Trueshot Aura
2 Searing Arrows
4 Keeper of the Grove
2 Entangling Roots
2 Thorns Aura
» actions
| Assign group hotkey | 48 | |
| Basic commands | 90 | |
| Build / train | 112 | |
| Enter build submenu | 38 | |
| Enter hero's abilities submenu | 8 | |
| Right click | 567 | |
| Select / deselect | 656 | |
| Select group hotkey | 269 | |
| Use ability | 113 | |
1901 total
» units
| Wisp | 39 | |
| Archer | 16 | |
| Druid of the Talon | 5 | |
| Druid of the Claw | 3 | |
| Hippogryph | 9 | |
72 total
» upgrades
| Improved Bows | 1 | |
| Druid of the Talon Training | 2 | |
| Strength of the Moon | 2 | |
| Moon Armor | 2 | |
| Nature's Blessing | 1 | |
| Well Spring | 1 | |
| Marksmanship | 1 | |
| Mark of the Talon | 1 | |
| Druid of the Claw Training | 2 | |
| Strength of the Wild | 1 | |
| Reinforced Hides | 1 | |
15 total
» buildings
| Moon Well | 8 | |
| Tree of Ages | 1 | |
| Altar of Elders | 1 | |
| Ancient of War | 2 | |
| Ancient of Wind | 2 | |
| Ancient of Wonders | 1 | |
| Hunter's Hall | 1 | |
| Tree of Eternity | 1 | |
| Ancient of Lore | 1 | |
| Tree of Life | 2 | |
| Ancient Protector | 18 | |
38 total
» build order
00:26 Moon Well
02:01 Tree of Ages
02:04 Altar of Elders
02:09 Ancient of War
02:13 Moon Well
02:16 Moon Well
03:17 Moon Well
03:32 Ancient of War
05:06 Ancient of Wind
05:31 Moon Well
07:02 Ancient of Wonders
09:26 Hunter's Hall
09:54 Tree of Eternity
11:55 Moon Well
14:11 Ancient of Lore
14:36 Tree of Life
17:18 Ancient Protector
17:32 Ancient Protector
19:43 Ancient Protector
19:46 Ancient Protector
20:10 Ancient Protector
24:44 Ancient of Wind
24:46 Ancient Protector
24:50 Ancient Protector
24:51 Ancient Protector
27:44 Ancient Protector
27:46 Ancient Protector
27:50 Ancient Protector
27:53 Ancient Protector
28:01 Tree of Life
28:34 Ancient Protector
33:55 Ancient Protector
33:57 Ancient Protector
34:00 Ancient Protector
34:02 Ancient Protector
34:32 Moon Well
35:12 Moon Well
35:53 Ancient Protector
» items
| Boots of Speed | 1 | |
| Periapt of Vitality | 1 | |
| Staff of Preservation | 1 | |
| Potion of Healing | 1 | |
| Potion of Mana | 1 | |
| Orb of Venom | 1 | |
| Anti-magic Potion | 2 | |
| Scroll of Town Portal | 5 | |
13 total
SmokesLetsGo (
yellow | 59 APM | 1403 actions | 23:56)
7 Tauren Chieftain
3 War Stomp
3 Endurance Aura
1 Reincarnation
3 Shadow Hunter
2 Healing Wave
1 Hex
» actions
| Assign group hotkey | 16 | |
| Build / train | 88 | |
| Enter build submenu | 16 | |
| Enter hero's abilities submenu | 10 | |
| Give item / drop item | 2 | |
| Remove unit from queue | 3 | |
| Right click | 649 | |
| Select / deselect | 442 | |
| Select group hotkey | 121 | |
| Use ability | 56 | |
1403 total
» units
| Peon | 14 | |
| Troll Headhunter/Berserker | 23 | |
| Shaman | 14 | |
51 total
» upgrades
| Ranged Weapons | 3 | |
| Armor | 3 | |
| Troll Regeneration | 1 | |
| Shaman Training | 2 | |
| Berserker Upgrade | 1 | |
| Spiked Barricades | 1 | |
11 total
» buildings
| Altar of Storms | 1 | |
| Orc Burrow | 6 | |
| Barracks | 1 | |
| Voodoo Lounge | 1 | |
| War Mill | 1 | |
| Watch Tower | 2 | |
| Stronghold | 1 | |
| Spirit Lodge | 1 | |
| Fortress | 1 | |
| Great Hall | 1 | |
16 total
» build order
00:04 Altar of Storms
00:06 Orc Burrow
01:00 Barracks
01:33 Voodoo Lounge
01:41 War Mill
01:59 Orc Burrow
03:40 Watch Tower
04:18 Stronghold
05:03 Orc Burrow
05:18 Watch Tower
06:27 Orc Burrow
06:48 Spirit Lodge
07:23 Fortress
13:43 Great Hall
13:58 Orc Burrow
17:32 Orc Burrow
» items
| Healing Salve | 3 | |
| Lesser Clarity Potion | 2 | |
| Scroll of Town Portal | 2 | |
| Orb of Lightning | 1 | |
| Potion of Healing | 1 | |
9 total
TickTockTickToc (
green | 83 APM | 3423 actions | 41:28)
6 Blademaster
3 Wind Walk
2 Critical Strike
1 Bladestorm
1 Naga Sea Witch
1 Frost Arrows
1 Dark Ranger
1 Black Arrow
» actions
| Assign group hotkey | 112 | |
| Basic commands | 418 | |
| Build / train | 142 | |
| ESC pressed | 12 | |
| Enter build submenu | 31 | |
| Enter hero's abilities submenu | 8 | |
| Give item / drop item | 2 | |
| Remove unit from queue | 1 | |
| Right click | 1328 | |
| Select / deselect | 366 | |
| Select group hotkey | 761 | |
| Use ability | 233 | |
3423 total
» units
| Peon | 18 | |
| Grunt | 9 | |
| Makrura Snapper | 2 | |
| Wind Rider | 24 | |
53 total
» upgrades
| Armor | 5 | |
| Berserker Strength | 1 | |
| Reinforced Defenses | 2 | |
| Envenomed Spears | 1 | |
| Ranged Weapons | 3 | |
| Liquid Fire | 1 | |
| Troll Regeneration | 1 | |
| Spiked Barricades | 4 | |
| Melee Weapons | 1 | |
19 total
» buildings
| Orc Burrow | 5 | |
| Altar of Storms | 1 | |
| Barracks | 1 | |
| Voodoo Lounge | 1 | |
| War Mill | 1 | |
| Stronghold | 4 | |
| Watch Tower | 17 | |
| Fortress | 1 | |
| Beastiary | 2 | |
| Great Hall | 1 | |
34 total
» build order
00:07 Orc Burrow
00:51 Altar of Storms
01:05 Barracks
01:24 Orc Burrow
02:01 Voodoo Lounge
03:31 War Mill
04:28 Stronghold
04:29 Stronghold
04:45 Watch Tower
04:49 Watch Tower
05:56 Orc Burrow
06:38 Watch Tower
07:37 Fortress
09:16 Beastiary
09:17 Beastiary
10:24 Watch Tower
11:16 Orc Burrow
13:32 Great Hall
14:16 Watch Tower
14:17 Watch Tower
14:35 Watch Tower
17:22 Orc Burrow
17:35 Watch Tower
17:38 Watch Tower
18:25 Watch Tower
18:27 Watch Tower
18:30 Watch Tower
19:51 Watch Tower
19:51 Watch Tower
19:54 Watch Tower
20:44 Watch Tower
20:48 Watch Tower
» items
| Healing Salve | 6 | |
| Boots of Speed | 2 | |
| Lesser Clarity Potion | 2 | |
| Scroll of Town Portal | 9 | |
| Orb of Lightning | 1 | |
| Staff of Teleportation | 4 | |
| Periapt of Vitality | 1 | |
| Circlet of Nobility | 1 | |
| Orb of Corruption | 1 | |
| Scroll of Healing | 1 | |
| Potion of Healing | 2 | |
30 total

»
ThundaCookie (
pink | 18 APM | 578 actions | 32:56)
3 Death Knight
2 Death Coil
1 Unholy Aura
4 Dreadlord
2 Vampiric Aura
2 Sleep
» actions
| Build / train | 71 | |
| Enter build submenu | 13 | |
| Enter hero's abilities submenu | 7 | |
| Remove unit from queue | 1 | |
| Right click | 263 | |
| Select / deselect | 200 | |
| Use ability | 23 | |
578 total
» units
| Acolyte | 2 | |
| Ghoul | 2 | |
| Crypt Fiend | 19 | |
| Frost Wyrm | 10 | |
| Shaman | 5 | |
| Troll Headhunter/Berserker | 9 | |
47 total
» upgrades
| Creature Carapace | 2 | |
| Creature Attack | 3 | |
| Web | 1 | |
| Freezing Breath | 1 | |
7 total
» buildings
| Crypt | 1 | |
| Ziggurat | 6 | |
| Altar of Darkness | 1 | |
| Graveyard | 1 | |
| Nerubian Tower | 1 | |
| Tomb of Relics | 1 | |
| Halls of the Dead | 1 | |
| Spirit Tower | 2 | |
| Black Citadel | 1 | |
| Sacrificial Pit | 1 | |
| Boneyard | 1 | |
17 total
» build order
00:19 Crypt
00:28 Ziggurat
00:49 Altar of Darkness
01:10 Ziggurat
01:41 Graveyard
02:10 Nerubian Tower
02:24 Tomb of Relics
03:51 Ziggurat
04:32 Ziggurat
06:17 Halls of the Dead
07:03 Spirit Tower
07:06 Spirit Tower
09:56 Black Citadel
12:18 Sacrificial Pit
13:27 Boneyard
16:18 Ziggurat
18:25 Ziggurat
» items
team 2 (winner)
IIIIIIIII1I (
purple | 66 APM | 1352 actions | 20:34)
4 Death Knight
2 Death Coil
2 Unholy Aura
3 Lich
1 Frost Armor
2 Frost Nova
» actions
| Assign group hotkey | 28 | |
| Basic commands | 66 | |
| Build / train | 60 | |
| ESC pressed | 3 | |
| Enter build submenu | 16 | |
| Enter hero's abilities submenu | 7 | |
| Give item / drop item | 6 | |
| Right click | 401 | |
| Select / deselect | 207 | |
| Select group hotkey | 504 | |
| Use ability | 54 | |
1352 total
» units
| Acolyte | 3 | |
| Ghoul | 4 | |
| Crypt Fiend | 9 | |
| Gargoyle | 12 | |
| Obsidian Statue | 2 | |
30 total
» upgrades
| Creature Attack | 2 | |
| Creature Carapace | 2 | |
| Web | 1 | |
| Destroyer Form | 1 | |
6 total
» buildings
| Crypt | 2 | |
| Altar of Darkness | 1 | |
| Graveyard | 1 | |
| Ziggurat | 7 | |
| Tomb of Relics | 1 | |
| Halls of the Dead | 1 | |
| Spirit Tower | 4 | |
| Nerubian Tower | 1 | |
| Slaughterhouse | 1 | |
| Temple of the Damned | 1 | |
| Black Citadel | 2 | |
22 total
» build order
00:50 Crypt
00:51 Altar of Darkness
00:54 Graveyard
01:00 Ziggurat
01:17 Ziggurat
01:34 Tomb of Relics
04:53 Halls of the Dead
05:00 Ziggurat
05:41 Ziggurat
05:53 Spirit Tower
05:55 Nerubian Tower
07:34 Slaughterhouse
08:01 Temple of the Damned
08:15 Crypt
08:22 Spirit Tower
09:11 Ziggurat
09:11 Ziggurat
12:17 Ziggurat
13:56 Spirit Tower
13:56 Spirit Tower
16:32 Black Citadel
16:32 Black Citadel
» items
| Rod of Necromancy | 1 | |
| Sacrificial Skull | 1 | |
| Dust of Appearance | 1 | |
| Potion of Healing | 2 | |
| Potion of Mana | 1 | |
| Orb of Corruption | 1 | |
7 total
INeedMeAGirl (
orange | 56 APM | 1466 actions | 26:02)
4 Death Knight
2 Death Coil
2 Unholy Aura
2 Lich
1 Frost Nova
1 Frost Armor
» actions
| Assign group hotkey | 476 | |
| Basic commands | 4 | |
| Build / train | 65 | |
| Enter build submenu | 12 | |
| Enter hero's abilities submenu | 6 | |
| Give item / drop item | 2 | |
| Remove unit from queue | 1 | |
| Right click | 561 | |
| Select / deselect | 246 | |
| Select group hotkey | 28 | |
| Use ability | 65 | |
1466 total
» units
| Acolyte | 2 | |
| Ghoul | 9 | |
| Crypt Fiend | 18 | |
| Obsidian Statue | 3 | |
| Gargoyle | 1 | |
33 total
» upgrades
| Creature Carapace | 2 | |
| Web | 1 | |
| Burrow | 1 | |
| Creature Attack | 1 | |
| Stone Form | 1 | |
6 total
» buildings
| Altar of Darkness | 1 | |
| Ziggurat | 4 | |
| Crypt | 1 | |
| Graveyard | 1 | |
| Tomb of Relics | 1 | |
| Nerubian Tower | 5 | |
| Halls of the Dead | 1 | |
| Temple of the Damned | 1 | |
| Sacrificial Pit | 1 | |
16 total
» build order
00:09 Altar of Darkness
00:11 Ziggurat
00:39 Crypt
01:01 Graveyard
01:17 Tomb of Relics
01:32 Ziggurat
01:53 Nerubian Tower
01:53 Nerubian Tower
01:54 Nerubian Tower
04:01 Ziggurat
05:19 Halls of the Dead
06:34 Ziggurat
24:02 Temple of the Damned
24:05 Sacrificial Pit
» items
| Rod of Necromancy | 6 | |
| Dust of Appearance | 2 | |
| Potion of Healing | 2 | |
10 total
WINDOW-SHOPPER (
blue | 69 APM | 2872 actions | 41:30)
6 Blademaster
3 Wind Walk
2 Critical Strike
1 Bladestorm
2 Death Knight
1 Death Coil
1 Animate Dead
1 Lich
1 Frost Armor
1 Shadow Hunter
1 Hex
» actions
| Assign group hotkey | 38 | |
| Basic commands | 5 | |
| Build / train | 56 | |
| Enter build submenu | 30 | |
| Enter hero's abilities submenu | 12 | |
| Give item / drop item | 4 | |
| Right click | 1183 | |
| Select / deselect | 330 | |
| Select group hotkey | 1095 | |
| Use ability | 119 | |
2872 total
» units
| Peon | 8 | |
| Wind Rider | 18 | |
| Demolisher | 2 | |
28 total
» upgrades
| Reinforced Defenses | 1 | |
| Ranged Weapons | 1 | |
| Envenomed Spears | 1 | |
| Burning Oil | 1 | |
4 total
» buildings
| Altar of Storms | 1 | |
| Orc Burrow | 6 | |
| Voodoo Lounge | 1 | |
| Stronghold | 2 | |
| War Mill | 2 | |
| Fortress | 2 | |
| Beastiary | 2 | |
| Watch Tower | 31 | |
| Ziggurat | 4 | |
| Barracks | 3 | |
54 total
» build order
00:07 Altar of Storms
00:19 Orc Burrow
01:05 Voodoo Lounge
02:04 Stronghold
02:05 Stronghold
02:22 War Mill
02:27 Orc Burrow
02:29 Orc Burrow
02:30 Orc Burrow
02:43 War Mill
04:26 Fortress
04:34 Beastiary
05:26 Beastiary
08:32 Watch Tower
08:34 Watch Tower
08:35 Watch Tower
09:19 Watch Tower
09:19 Watch Tower
10:25 Watch Tower
10:30 Watch Tower
10:58 Watch Tower
11:44 Watch Tower
11:52 Watch Tower
12:40 Watch Tower
12:40 Watch Tower
13:36 Watch Tower
14:14 Watch Tower
14:14 Watch Tower
15:13 Watch Tower
15:13 Watch Tower
15:20 Orc Burrow
15:55 Orc Burrow
16:38 Watch Tower
17:51 Watch Tower
18:59 Watch Tower
19:00 Watch Tower
20:02 Watch Tower
20:02 Watch Tower
20:02 Watch Tower
20:03 Watch Tower
20:03 Watch Tower
20:03 Watch Tower
20:04 Watch Tower
29:29 Ziggurat
29:29 Ziggurat
29:29 Ziggurat
29:30 Ziggurat
36:30 Barracks
36:30 Barracks
36:31 Barracks
38:22 Watch Tower
38:22 Watch Tower
38:23 Watch Tower
» items
| Healing Salve | 2 | |
| Staff of Teleportation | 1 | |
| Boots of Speed | 1 | |
| Orb of Lightning | 1 | |
| Scroll of Town Portal | 1 | |
| Tiny Great Hall | 1 | |
7 total
MadMax (
teal | 44 APM | 905 actions | 20:31)
3 Tauren Chieftain
1 War Stomp
2 Endurance Aura
3 Shadow Hunter
2 Healing Wave
1 Hex
» actions
| Assign group hotkey | 28 | |
| Basic commands | 11 | |
| Build / train | 67 | |
| Enter build submenu | 13 | |
| Enter hero's abilities submenu | 7 | |
| Give item / drop item | 1 | |
| Remove unit from queue | 1 | |
| Right click | 377 | |
| Select / deselect | 238 | |
| Select group hotkey | 124 | |
| Use ability | 38 | |
905 total
» units
| Peon | 6 | |
| Troll Headhunter/Berserker | 27 | |
| Kodo Beast | 4 | |
| Shaman | 8 | |
45 total
» upgrades
| Troll Regeneration | 1 | |
| Berserker Upgrade | 1 | |
| War Drums Damage Increase | 1 | |
| Armor | 1 | |
| Ranged Weapons | 2 | |
| Shaman Training | 2 | |
8 total
» buildings
| Orc Burrow | 5 | |
| Altar of Storms | 1 | |
| War Mill | 1 | |
| Barracks | 1 | |
| Voodoo Lounge | 1 | |
| Stronghold | 1 | |
| Fortress | 1 | |
| Beastiary | 1 | |
| Spirit Lodge | 1 | |
13 total
» build order
00:23 Orc Burrow
00:42 Altar of Storms
00:54 War Mill
01:09 Barracks
02:04 Orc Burrow
02:45 Voodoo Lounge
03:30 Stronghold
03:56 Orc Burrow
04:47 Orc Burrow
06:23 Fortress
07:11 Beastiary
11:20 Spirit Lodge
12:14 Orc Burrow
» items
| Healing Salve | 2 | |
| Orb of Lightning | 1 | |
3 total
Chat log
(02:10 / Allies) WINDOW-SHOPPER: wyverns bats
(06:31 / Allies) WINDOW-SHOPPER: cani have u have 2 already
(06:41 / Allies) MadMax: ?
(06:47 / Allies) WINDOW-SHOPPER: purple took my 2nd invul pot
(06:54 / Allies) WINDOW-SHOPPER: im tking if he doesnt give it back
(07:00 / Allies) IIIIIIIII1I: do it pls
(07:07 / Allies) WINDOW-SHOPPER: make him giv eit back u 2
(07:08 / Allies) WINDOW-SHOPPER: or he dies
(07:09 / Allies) IIIIIIIII1I: like i care?
(07:22 / Allies) IIIIIIIII1I: if i die, this team dies too
(07:27 / Allies) IIIIIIIII1I: including you
(07:30 / Allies) WINDOW-SHOPPER: just unsummon u nigger
(07:39 / Allies) INeedMeAGirl: just focus
(07:41 / Allies) WINDOW-SHOPPER: u dont need 2 pots
(07:41 / Allies) IIIIIIIII1I: ur the nigger
(07:43 / Allies) WINDOW-SHOPPER: nigger
(07:44 / Allies) WINDOW-SHOPPER: u dont
(07:47 / Allies) IIIIIIIII1I: bitch whining nigger
(07:58 / Allies) IIIIIIIII1I: cry for an item
(08:04 / All) TickTockTickToc: 2 fiendbots
(08:51 / Allies) WINDOW-SHOPPER: lol
(08:53 / Allies) WINDOW-SHOPPER: ur going gargs
(08:54 / Allies) WINDOW-SHOPPER: now
(08:55 / Allies) WINDOW-SHOPPER: paranoid nigger
(09:25 / Allies) IIIIIIIII1I: how do u know im not going to tk you?
(09:35 / Allies) WINDOW-SHOPPER: quit crying jesus
(09:46 / All) pandaroar: afker?
(09:48 / Allies) IIIIIIIII1I: ur the bitch crying for an item
(09:55 / All) WINDOW-SHOPPER: purple is tking basically
(10:00 / All) WINDOW-SHOPPER: he wont tp to oj
(10:03 / All) pandaroar: y?
(10:08 / All) WINDOW-SHOPPER: hes whining over an item
(10:13 / All) WINDOW-SHOPPER: if u hit , hit purples base botton left
(10:28 / All) IIIIIIIII1I: whos paranoid now?
(10:33 / Allies) INeedMeAGirl: what a boring 1 v 4
(10:34 / Allies) INeedMeAGirl: lol
(10:36 / Allies) INeedMeAGirl: xD
(10:56 / All) INeedMeAGirl: was fun 1 v 4
(10:56 / All) INeedMeAGirl: xD
(11:03 / All) pandaroar: u did well
(11:05 / Allies) MadMax: sorry
(11:06 / All) INeedMeAGirl: ty
(11:09 / Allies) MadMax: my hero died
(11:22 / All) WINDOW-SHOPPER: sorry about purple, cry babies gonna be cry babies
(11:24 / All) pandaroar: u dont see no help that often
(11:30 / All) INeedMeAGirl: yeah
(11:33 / All) pandaroar: no tp is not as bad as tking
(11:33 / All) IIIIIIIII1I: actually im laughing
(11:35 / All) INeedMeAGirl: few teammates arguing so not much you can do i guess
(11:43 / All) INeedMeAGirl: xD
(11:56 / All) IIIIIIIII1I: this noob blue said he would tk me if i dont give away an item
(11:57 / All) INeedMeAGirl: although green did way too much hero focus on me
(11:58 / All) INeedMeAGirl: ;/
(12:01 / All) WINDOW-SHOPPER: they dont care purple
(12:03 / All) WINDOW-SHOPPER: ur the cry baby
(12:18 / All) WINDOW-SHOPPER: this is 2016, quit telling them shit they dont want to hear
(12:43 / All) IIIIIIIII1I: ya ur right. say it to yourself too
(12:45 / All) INeedMeAGirl: are you guys creeping mid or something lol taking long time
(12:47 / All) INeedMeAGirl: just end it xD
(12:52 / All) WINDOW-SHOPPER: purple just unsummon like i said,
(12:55 / All) WINDOW-SHOPPER: ur such ab aby
(13:11 / All) IIIIIIIII1I: ur the one wants the item so badly
(13:23 / All) IIIIIIIII1I: that you even wanted to tk your teamate
(13:29 / All) IIIIIIIII1I: whos the baby?
(13:29 / All) WINDOW-SHOPPER: i knew u would go gargs after making 10 fiends, that is a sign ur a baby
(14:13 / All) INeedMeAGirl: must be like lvl 5 by now creeping mid ;o
(14:18 / All) INeedMeAGirl: lol
(14:24 / All) INeedMeAGirl: yep
(14:24 / All) INeedMeAGirl: xD
(14:48 / All) INeedMeAGirl: except pink still lvl 2 for some reason
(14:48 / All) INeedMeAGirl: ;o
(14:50 / All) TickTockTickToc: oh
(14:51 / All) TickTockTickToc: teal isn't my ally
(14:52 / All) TickTockTickToc: LOL
(15:03 / All) TickTockTickToc: I was like why the hell is teal killing my shit
(15:08 / All) INeedMeAGirl: lol
(15:18 / All) TickTockTickToc: teal did nothing all game
(15:21 / All) TickTockTickToc: don't even realise he's an enemy player
(15:25 / All) INeedMeAGirl: you guys got away with murder xD
(16:05 / All) INeedMeAGirl: yeah lol
(16:13 / All) INeedMeAGirl: cloak of flames and ancient jaggo
(16:13 / All) INeedMeAGirl: lmao
(16:22 / All) INeedMeAGirl: pimped up bm
(16:23 / Allies) MadMax: rebuild orange
(16:24 / All) pandaroar: thats a deadly bm
(16:31 / All) TickTockTickToc: this isn't even a good bm
(16:33 / All) TickTockTickToc: compared to some I've had
(16:35 / All) TickTockTickToc: I have no pendant of energy
(16:36 / All) TickTockTickToc: for one
(16:37 / Allies) INeedMeAGirl: you guys let me die in 1 v 4
(16:47 / Allies) MadMax: i said sorry
(16:57 / All) TickTockTickToc: plus no claws +9 or 15
(17:02 / All) TickTockTickToc: or ring of regen
(17:04 / Allies) INeedMeAGirl: they prob have mid expos now also so its over
(17:06 / Allies) INeedMeAGirl: ^^
(17:07 / All) TickTockTickToc: cloak of flames and jango are aight though
(17:08 / All) WINDOW-SHOPPER: blame purple for taking 2 invul pots when he is creeping my creeps
(17:23 / Allies) MadMax: omg give it up with the stupid potions
(17:24 / All) ThundaCookie: dont forget mask of death
(17:25 / All) INeedMeAGirl: alright? they hax on bm lol
(17:27 / Allies) MadMax: man up lol
(17:31 / All) IIIIIIIII1I: lol now you admit the fact that ur mad cos i took 2 items?|
(17:34 / All) INeedMeAGirl: fast move and atk speed,with aoe aura
(17:38 / All) IIIIIIIII1I: ur a baby
(17:39 / All) WINDOW-SHOPPER: u arent gonna win purple
(17:42 / All) WINDOW-SHOPPER: u should leave
(17:44 / All) WINDOW-SHOPPER: u nigger
(17:51 / All) IIIIIIIII1I: i play for fun
(17:56 / All) WINDOW-SHOPPER: doesnt sound like it
(18:03 / All) INeedMeAGirl: i know not gonna be another game for while this late anyways so just stickin around just because.
(18:06 / Allies) WINDOW-SHOPPER: btw im gonna win this watch
(19:26 / All) TickTockTickToc: I killed everything and then died
(19:33 / All) TickTockTickToc: A worthy sacrifice
(19:36 / All) pandaroar: hero targeteer
(20:15 / All) TickTockTickToc: "hero targeter" do you even realise what race I am playing
(20:17 / All) TickTockTickToc: and what hero I am using
(20:29 / All) WINDOW-SHOPPER: my team actually deserves to talk, nobody told me what they were getting after i asked people
(20:34 / All) IIIIIIIII1I: GG
(21:05 / All) TickTockTickToc: Orange
(21:08 / All) TickTockTickToc: you may still win this
(21:12 / All) INeedMeAGirl: nah
(21:13 / All) INeedMeAGirl: its over
(21:14 / All) INeedMeAGirl: lol
(21:14 / All) TickTockTickToc: I'm tking
(21:20 / All) TickTockTickToc: it's not over
(21:23 / All) TickTockTickToc: because my team has to lose
(21:25 / All) INeedMeAGirl: was unfair from beginning with all of you
(21:27 / All) INeedMeAGirl: ganging on me
(21:30 / All) INeedMeAGirl: with no one tping to me
(21:30 / All) INeedMeAGirl: xD
(21:31 / All) SmokesLetsGo: fuck
(21:36 / All) SmokesLetsGo: green and blue
(21:37 / All) TickTockTickToc: I raped you before yellow
(21:40 / All) SmokesLetsGo: you're theose guys huh?
(21:47 / All) TickTockTickToc: yes
(21:49 / All) TickTockTickToc: yes we are
(21:50 / All) SmokesLetsGo: god damnit
(21:55 / All) TickTockTickToc: lawl
(23:29 / All) TickTockTickToc: wtf are you doing lmao
(23:36 / All) TickTockTickToc: my ally is attacking my hero
(23:39 / All) TickTockTickToc: so I'll run into enemy towers
(23:40 / All) TickTockTickToc: LOL WTF
(23:43 / All) WINDOW-SHOPPER: lawl
(23:46 / All) TickTockTickToc: WTF WAS THAT
(23:48 / All) WINDOW-SHOPPER: someone tell purp i won
(24:55 / All) TickTockTickToc: hit red expo
(24:57 / All) TickTockTickToc: at top right
(25:01 / All) TickTockTickToc: has noob elf towers
(25:05 / All) TickTockTickToc: Wish I went human to have cloud
(25:18 / All) WINDOW-SHOPPER: no oj im not letting u build
(25:24 / All) pandaroar: imma just gonna go afk
(25:27 / All) pandaroar: good luck tking lol
(25:28 / All) TickTockTickToc: good
(25:29 / All) WINDOW-SHOPPER: u arent going afk red
(25:30 / All) TickTockTickToc: makes it easy on me
(25:31 / All) TickTockTickToc: thanks man
(25:59 / All) INeedMeAGirl: well was good 1 v 4 anyways, wish you the best.
(26:18 / All) TickTockTickToc: Bad luck for you red and uh
(26:21 / All) TickTockTickToc: pink
(26:23 / All) TickTockTickToc: you have to lose now
(26:26 / All) TickTockTickToc: forgot pink was even a player
(27:14 / All) WINDOW-SHOPPER: how do i spell out purps name
(27:18 / All) WINDOW-SHOPPER: god he was such a baby
(28:21 / All) WINDOW-SHOPPER: wasnt aware pink had shit still
(28:53 / All) WINDOW-SHOPPER: red ithought u were going 'afk"
(28:56 / All) WINDOW-SHOPPER: lying sack of shit
(29:24 / All) TickTockTickToc: help kill me team wut u doin
(29:37 / All) WINDOW-SHOPPER: i just died at red. i didnt know pink had shit
(29:50 / All) TickTockTickToc: oh
(29:52 / All) TickTockTickToc: me neither
(32:31 / All) WINDOW-SHOPPER: gj retard red and pink
(32:36 / All) WINDOW-SHOPPER: red ur a faggot for saying u went afk
(32:47 / All) TickTockTickToc: He's not been afk all game lol
(34:37 / All) TickTockTickToc: RED
(34:38 / All) TickTockTickToc: YOU LOSE
(34:38 / All) TickTockTickToc: OUT
(34:39 / All) TickTockTickToc: OUT
(34:40 / All) TickTockTickToc: OUT
(34:40 / All) TickTockTickToc: OUT
(34:41 / All) TickTockTickToc: OUT
(34:42 / All) TickTockTickToc: OUT
(34:42 / All) TickTockTickToc: OUT
(34:55 / All) pandaroar: i dont see what u get out of this
(34:59 / All) TickTockTickToc: FYB
(35:00 / All) TickTockTickToc: FUN
(35:05 / All) WINDOW-SHOPPER: RED U SAID U WERE GOING AFK
(35:07 / All) WINDOW-SHOPPER: LIAR
(35:08 / All) pandaroar: other than to let ppl know ur a tard
(35:09 / All) WINDOW-SHOPPER: GTFO
(35:15 / All) WINDOW-SHOPPER: RED U WEREGOING AFK
(35:16 / All) WINDOW-SHOPPER: gtfo
(35:54 / All) WINDOW-SHOPPER: ill just get siege u'll be dead in 10 min mr afk
(35:56 / All) TickTockTickToc: FINISH RED
(35:58 / All) TickTockTickToc: NIGGER
(36:11 / All) TickTockTickToc: OK
(36:12 / All) TickTockTickToc: I'LL COME
(36:16 / All) TickTockTickToc: AND WE BOTH SLAY RED TOGETHER
(36:21 / All) TickTockTickToc: HE HAS FUCK ALL TOWERS NIGGER
(36:26 / All) TickTockTickToc: tgat isn't many towersw lol
(36:32 / All) TickTockTickToc: not a good angle either
(38:55 / All) WINDOW-SHOPPER: im gonna start tking eveyrone that says they go afk in our games
(38:57 / All) WINDOW-SHOPPER: in future games
(39:22 / All) pandaroar: my winrate is 40%
(39:26 / All) pandaroar: doesnt matta to me hehe
(39:35 / All) TickTockTickToc: yihy are 49a% noob you realy need the wian
(39:38 / All) TickTockTickToc: lol
(39:39 / All) WINDOW-SHOPPER: its not the point; if u say u go afk ushould
(39:42 / All) WINDOW-SHOPPER: u all lie about going afk
(39:53 / All) pandaroar: doesnt matter to me
(39:58 / All) pandaroar: ur not a being to me
(40:00 / All) pandaroar: u r shit haha
(40:12 / All) WINDOW-SHOPPER: pple have been doing this for years